Map: Thunderbird LE

Players

GOReynor (Reynor) - Winner!

  • Race: Zerg Zerg
  • League: Master
  • Spawn Location: 11:00

Denver

  • Race: Zerg Zerg
  • League: Master
  • Spawn Location: 5:00

Event: HomeStory Cup XX

VOD

Have the link to the VOD?

Description

Time

  • Played on: Nov. 21, 2019, 2:42 p.m.
  • Length: 7:34

All games in this series

Show
View Real Time Build Order
Export as new Build Order

GOReynor Zerg - Winner!

Build Orders: Hatch First 

Get SALT Encoding   

  12  0:06  Drone  
  13  0:13  Overlord  
  13  0:17  Drone  
  14  0:31  Drone x2  
  16  0:48  Hatchery  
  15  0:51  Drone  
  15  0:56  Drone  
  17  1:00  Drone  
  18  1:10  Extractor  
  17  1:15  Spawning Pool  
  17  1:17  Drone  
  17  1:21  Drone  
  18  1:32  Drone  
  19  1:43  Drone  
  20  1:58  Drone  
  21  2:03  Zergling x2, Queen x2  
  21  2:04  Overlord  
  26  2:11  Drone  
  26  2:14  Metabolic Boost  
  27  2:16  Drone  
  29  2:22  Drone  
  29  2:27  Drone  
  30  2:35  Hatchery  
  29  2:38  Drone  
  30  2:45  Drone  
  30  2:46  Drone  
  32  2:53  Zergling x2  
  32  2:54  Baneling Nest  
  32  2:55  Drone  
  32  2:57  Overlord  
  33  3:05  Zergling x2  
  34  3:08  Drone  
  35  3:13  Zergling x2  
  35  3:16  Zergling x4  
  35  3:17  Zergling x2  
  35  3:18  Drone x2  
  41  3:22  Queen  
  41  3:23  Overlord  
  43  3:29  Drone, Evolution Chamber  
  43  3:35  Drone  
  43  3:36  Overlord  
  43  3:38  Baneling x2  
  44  3:45  Zergling x2, Drone  
  44  3:46  Drone x2  
  48  3:50  Zergling x4  
  48  3:51  Drone  
  48  3:52  Drone  
  48  3:54  Drone  
  52  4:02  Overlord  
  52  4:03  Drone x2  
  52  4:06  Zerg Missile Weapons Level 1  
  52  4:08  Drone  
  54  4:11  Baneling  
  54  4:12  Drone  
  54  4:13  Drone  
  56  4:18  Drone x2  
  56  4:22  Overlord  
  59  4:24  Drone x3  
  59  4:30  Roach Warren  
  59  4:35  Zergling x6  
  61  4:39  Drone x2  
  61  4:40  Drone  
  61  4:41  Lair  
  61  4:42  Overlord  
  64  4:45  Drone  
  64  4:50  Extractor x2  
  64  4:51  Overlord  
  62  4:55  Drone x5  
  62  4:56  Drone  
  62  4:58  Baneling  
  68  5:00  Overlord  
  68  5:03  Drone x2  
  69  5:11  Drone  
  70  5:18  Extractor  
  70  5:19  Extractor, Roach x3  
  70  5:20  Roach  
  76  5:22  Drone  
  76  5:25  Roach  
  76  5:27  Drone x6  
  76  5:28  Drone x2  
  87  5:30  Extractor  
  86  5:36  Overlord  
  86  5:40  Roach x2  
  89  5:45  Overlord  
  89  5:46  Glial Reconstitution, Drone x2  
  89  5:50  Roach x2  
  89  5:52  Overlord  
  89  5:55  Drone  
  94  5:57  Roach x2  
  94  5:58  Roach  
  94  5:59  Zergling x6  
  94  6:01  Spine Crawler  
  94  6:02  Spine Crawler x2  
  94  6:03  Roach x2  
  103  6:10  Baneling x2  
  107  6:11  Roach x2  
  107  6:12  Roach  
  107  6:14  Queen x2  
  113  6:18  Baneling  
  113  6:22  Roach x2  
  113  6:25  Zergling x4, Roach x2  
  118  6:26  Zergling x2  
  110  6:33  Roach  
  110  6:34  Zergling x6, Roach x2  
  110  6:35  Roach  
  111  6:44  Roach x2  
  111  6:48  Roach  
  112  6:56  Roach x2  
  112  6:58  Drone  
  116  7:05  Roach  
  116  7:07  Ravager x2, Roach x2  
  122  7:17  Hatchery  
  122  7:18  Overseer  
  122  7:21  Ravager  
Show
View Real Time Build Order
Export as new Build Order

Denver Zerg 

Build Orders: Hatch First 

Get SALT Encoding   

  12  0:00  Drone  
  13  0:12  Overlord  
  13  0:17  Drone  
  14  0:30  Drone x2  
  16  0:47  Hatchery  
  15  0:50  Drone  
  15  0:54  Drone  
  17  0:58  Drone  
  18  1:09  Extractor  
  17  1:13  Spawning Pool  
  17  1:16  Drone  
  17  1:20  Drone  
  18  1:27  Drone  
  19  1:39  Drone  
  20  1:50  Drone  
  21  1:59  Overlord  
  21  2:00  Queen x2  
  25  2:01  Zergling x2  
  26  2:09  Metabolic Boost  
  26  2:11  Drone x2  
  28  2:21  Drone  
  28  2:22  Drone  
  30  2:33  Hatchery  
  30  2:36  Drone  
  30  2:39  Drone  
  30  2:43  Drone  
  32  2:45  Overlord  
  32  2:53  Queen  
  34  2:58  Baneling Nest  
  34  2:59  Drone  
  34  3:04  Overlord  
  34  3:06  Drone  
  34  3:08  Zergling x2  
  34  3:11  Drone  
  34  3:12  Drone  
  38  3:15  Drone  
  38  3:16  Drone  
  38  3:19  Zergling x2  
  41  3:21  Zergling x2  
  41  3:22  Zergling x2  
  41  3:26  Drone  
  44  3:31  Evolution Chamber  
  44  3:32  Drone x2  
  45  3:40  Drone  
  46  3:43  Drone x3  
  46  3:47  Drone x2  
  51  3:51  Drone  
  51  4:00  Zergling x4  
  51  4:01  Queen  
  51  4:03  Zergling x6  
  51  4:05  Queen  
  51  4:07  Zergling x4  
  54  4:13  Zerg Ground Armor Level 1  
  54  4:17  Overlord  
  54  4:19  Drone x2  
  55  4:26  Overlord  
  55  4:29  Extractor  
  54  4:34  Drone x5  
  54  4:35  Queen  
  54  4:38  Baneling  
  58  4:44  Roach Warren  
  58  4:45  Overlord  
  57  4:48  Overlord  
  57  4:51  Extractor  
  56  5:00  Overlord x2  
  56  5:12  Drone  
  56  5:13  Drone  
  58  5:24  Roach x9  
  58  5:25  Roach x3  
  58  5:28  Roach  
  84  5:35  Zergling x4  
  86  5:39  Zergling x2  
  86  5:40  Zergling x2  
  86  5:47  Zergling x10  
  89  5:52  Ravager x2  
  89  5:53  Zergling x14  
  98  6:00  Zergling x2  
  98  6:03  Zergling x2  
  99  6:07  Baneling x3  
  99  6:08  Baneling x4  
  99  6:09  Overlord  
  99  6:15  Zergling x4  
  99  6:16  Zergling x2, Ravager  
  103  6:20  Zergling x6  
  100  6:29  Zergling x10  
  97  6:33  Zergling x2  
  97  6:34  Zergling x2  
  92  6:42  Zergling x6  
  87  6:48  Zergling x2  
  87  6:49  Zergling x18  
  93  6:55  Drone x2  
  93  7:00  Drone  
  91  7:03  Drone  
  91  7:04  Drone  
  93  7:13  Ravager x3  
  96  7:18  Hatchery  
  96  7:22  Drone  
  109  7:25  Extractor  
Tags
 
Add a new tag
Caveats
  • Supply blocks, unpowered buildings, or Contaminate may cause inaccurate times.
  • Supply counts are checked every 10 seconds.